 Dungeon Crawl Stone Soup version 0.22-a0-609-gfedc9ff77b (webtiles) character file.

31 Kholdaimon the Caller (level 3, 0/20 HPs)
             Began as a Tengu Summoner on July 10, 2018.
             Succumbed to a gnoll's poison
             ... on level 2 of the Dungeon.
             The game lasted 00:08:21 (1101 turns).

Kholdaimon the Caller (Tengu Summoner)              Turns: 1101, Time: 00:08:22

Health: 0/20       AC:  4    Str:  9    XL:     3   Next: 22%
Magic:  1/7        EV: 13    Int: 15    God:
Gold:   25         SH:  0    Dex: 14    Spells: 3/6 levels left

rFire    . . .     SeeInvis .   h - +0 spear
rCold    . . .     Gourm    .   (no shield)
rNeg     . . .     Faith    .   a - +0 robe
rPois    .         Spirit   .   (helmet restricted)
rElec    .         Reflect  .   e - +0 cloak
rCorr    .         Harm     .   g - +0 pair of gloves
MR       .....                  (boots unavailable)
Stlth    ++........             (no amulet)
HPRegen  0.06/turn              (no ring)
MPRegen  0.10/turn              (no ring)

@: lethally poisoned (0 -> -11), very slightly contaminated
A: beak, talons 3
a: no special abilities


You were on level 2 of the Dungeon.
You were hungry.

You visited 1 branch of the dungeon, and saw 2 of its levels.

You collected 25 gold pieces.

Inventory:

Hand Weapons
 h - a +0 spear (weapon)
 o - a +2 dagger of venom
Missiles
 b - 48 stones (quivered)
 f - 16 bolts
Armour
 a - a +0 robe (worn)
 d - a cursed +0 large shield
 e - a +0 cloak (worn)
 g - a +0 pair of gloves (worn)
 s - a +0 scale mail
Jewellery
 q - an uncursed ring of stealth {unknown}
Scrolls
 i - a scroll of enchant armour {unknown}
 k - a scroll of fear {unknown}
 m - a scroll of amnesia {unknown}
 n - a scroll of enchant weapon {unknown}
 r - a scroll of magic mapping {unknown}
Potions
 j - 2 potions of haste {unknown}
 l - a potion of resistance {unknown}
 p - 2 potions of flight {unknown}
Comestibles
 c - a ration


   Skills:
 + Level 1.0 Fighting
 + Level 2.6 Dodging
 - Level 2.0 Stealth
 + Level 2.2 Spellcasting
 * Level 5.3 Summonings


You had 3 spell levels left.
You knew the following spells:

 Your Spells              Type           Power        Failure   Level  Hunger
a - Summon Small Mammal   Summ           ###.         2%          1    #......
b - Call Imp              Summ           ###.....     3%          2    ###....

Your spell library contained the following spells:

 Spells                   Type           Power        Failure   Level  Hunger
 Summon Ice Beast         Ice/Summ       #.......     56%         4    #####..
 Call Canine Familiar     Summ           ###.....     7%          3    ###....
 Summon Lightning Spire   Summ/Air       #.......     56%         4    #####..
 Summon Guardian Golem    Hex/Summ       #.......     22%         3    ###....


Dungeon Overview and Level Annotations

Branches:
Dungeon (2/15)

Altars:


Innate Abilities, Weirdness & Mutations

You have a beak for a mouth.
You have claws for feet.


Message History

Anything else - Cancel.
Gang up on whom?
Press: ? - help, Dir - move target cursor, f/p - gnoll
Aim: a gnoll, wielding a spear of venom (heavily wounded) Attack!
The gnoll hits your shadow imp with a spear of venom.
Your shadow imp barely misses the gnoll.
Attack whom?
Press: ? - help, Dir - move target cursor, f/p - gnoll
Aim: a gnoll, wielding a spear of venom (heavily wounded)
You reach to attack!
You barely miss the gnoll.
The gnoll is heavily wounded.
The gnoll hits you from afar with a spear of venom!
Ouch! That really hurt!
* * * LOW HITPOINT WARNING * * *
You are lethally poisoned!
Your shadow imp barely misses the gnoll.
The gnoll hits you but does no damage.
You swap places.
You die...

...###.##.>.###......#
#.........<.....#.#.##
............###........
########.#[.#####.##.##
#..........^##.#
#.##..#####.##.## #.##.(#
#.##.##
.#######.##..#####.##.## .
.....<.@r...............
.g.#######5#########.#####
... ####...########.# #
...g##.gg5#..........# #
#......g#...########.# #
#.....#.##.......###.#####
........########..........
#.....### ###.....<..
##...# #.#...###


You could see a friendly crimson imp and a friendly rat.

Vanquished Creatures
  An ooze (D:1)
  4 goblins (D:1)
  2 hobgoblins
  2 bats (D:1)
  A kobold (D:2)
  2 rats (D:1)
12 creatures vanquished.

Vanquished Creatures (collateral kills)
  An adder (D:2)
  An ooze (D:1)
  3 dart slugs (D:1)
  A bat (D:1)
  2 giant cockroaches (D:1)
  A goblin (D:1)
  A hobgoblin (D:1)
  A rat (D:1)
11 creatures vanquished.

Grand Total: 23 creatures vanquished

Notes
Turn   | Place    | Note
-------+----------+-------------------------------------------
     0 | D:1      | Kholdaimon the Tengu Summoner began the quest for the Orb.
     0 | D:1      | Reached XP level 1. HP: 10/10 MP: 4/4
   113 | D:1      | Reached skill level 5 in Summonings
   132 | D:1      | Reached XP level 2. HP: 16/16 MP: 0/6
   192 | D:1      | Learned a level 2 spell: Call Imp
   497 | D:1      | Reached XP level 3. HP: 19/20 MP: 7/7
   865 | D:2      | Reached skill level 1 in Fighting
  1100 | D:2      | HP: 1/20 [gnoll/spear of venom (10)]
  1101 | D:2      | Succumbed to a gnoll's poison

Vault maps used:
D:1:      lightli_arrival_windingriver, minmay_pentomino_p2
D:2:      nicolae_gozag_seed_capital, minmay_misc_feat_hallway

Skill      XL: |  1  2  3 |
---------------+----------+-----
Summonings     | 5 |  5.3
Fighting       | 1 |  1.0
Dodging        | |  2.6
Stealth        | |  2.0
Spellcasting   | |  2.2

Action                   || total
-------------------------++-------
Melee: Spear             ||    37
       Kick              ||     5
       Peck              ||     2
 Cast: Summon Small Mamm ||     9
       Call Imp          ||    13
 Stab: Distracted        ||     1
       Sleeping          ||     2
  Eat: Chunk             ||     1
Armor: Robe              ||     9
Dodge: Dodged            ||    30

Table legend:
 A = Spawn XP
 B = Non-spawn XP
 C = Spawn XP percentage of total XP
 D = Spawn monster count
 E = Non-spawn monster count
 F = Spawn count percentage of total count
 G = Total turns spent on level
                    A         B        C        D         E        F      G
               +---------+---------+-------+---------+---------+-------+---------
         Total |       0 |      45 |   0.0 |       0 |      23 |   0.0 |  1101
               +---------+---------+-------+---------+---------+-------+---------
           D:1 |       0 |      35 |   0.0 |       0 |      20 |   0.0 |   813
           D:2 |       0 |      10 |   0.0 |       0 |       3 |   0.0 |   288
               +---------+---------+-------+---------+---------+-------+---------
